 Dungeon Crawl Stone Soup version 0.24-a0-769-g368c1644f8 (webtiles) character file.

Game seed: 4336593767409968357, levelgen mode: deterministic

633 Golodhrim the Conjurer (level 7, -2/51 HPs)
             Began as a Purple Draconian Conjurer on Oct 5, 2019.
             Was an Initiate of Ashenzari.
             Slain by Pikel
             ... wielding a +2 whip of flaming
              (6 damage)
             ... on level 6 of the Dungeon on Oct 6, 2019.
             The game lasted 01:41:50 (6482 turns).

Golodhrim the Conjurer (Purple Draconian Conjurer)  Turns: 6482, Time: 01:41:51

Health: -2/51      AC:  6    Str: 11    XL:     7   Next: 24%
Magic:  5/13       EV: 18    Int: 22    God:    Ashenzari [......]
Gold:   241        SH:  0    Dex: 16    Spells: 7/14 levels left

rFire    . . .     SeeInvis .   a - +1 dagger (speed)
rCold    . . .     Gourm    .   (no shield)
rNeg     . . .     Faith    .   (armour unavailable)
rPois    .         Spirit   .   (helmet restricted)
rElec    .         Reflect  .   (no cloak)
rCorr    .         Harm     .   (no gloves)
MR       +....                  (no boots)
Stlth    +++.......             n - amulet of rage
HPRegen  0.17/turn              (no ring)
MPRegen  0.13/turn              (no ring)

@: brilliant, agile, hasted, very quick
A: breathe power, unfitting armour, cold-blooded, AC +6
a: Breathe Dispelling Energy, Curse Item, Renounce Religion, Evoke Berserk Rage


You were on level 6 of the Dungeon.
You worshipped Ashenzari.
Ashenzari was noncommittal.
You were very hungry.

You visited 1 branch of the dungeon, and saw 6 of its levels.

You collected 241 gold pieces.

Inventory:

Hand Weapons
 a - a +1 dagger of speed (weapon)
 b - a +0 hunting sling
 m - a +2 vampiric falchion
Missiles
 e - 33 sling bullets
 o - 144 stones (quivered)
Magical Staves
 i - an uncursed staff of summoning
Jewellery
 n - an amulet of rage (around neck)
Wands
 s - a wand of polymorph (6)
 t - a wand of random effects (28)
 y - a wand of disintegration (4)
 z - a wand of acid (3)
Scrolls
 h - 2 scrolls of blinking
 k - 3 scrolls of amnesia
 l - 2 scrolls of remove curse
 r - a scroll of immolation {unknown}
 x - a scroll of random uselessness {unknown}
Potions
 d - a potion of agility
 f - a potion of haste
 g - a potion of resistance {unknown}
 j - a potion of brilliance
 p - a potion of degeneration {unknown}
 q - a potion of heal wounds {unknown}
 u - a potion of curing {unknown}
 v - a potion of lignification {unknown}
 w - a potion of invisibility {unknown}
Comestibles
 c - 10 rations


   Skills:
 + Level 0.5 Fighting
 + Level 0.5 Short Blades
 + Level 2.7 Dodging
 + Level 2.7 Stealth
 - Level 4.2 Spellcasting
 * Level 7.5 Conjurations


You had 7 spell levels left.
You knew the following spells:

 Your Spells              Type           Power        Failure   Level  Hunger
a - Magic Dart            Conj           ####         1%          1    None
b - Searing Ray           Conj           ######       1%          2    #......
c - Iskenderun's Mystic   Conj           ######..     1%          4    ####...

Your spell library contained the following spells:

 Spells                   Type           Power        Failure   Level  Hunger
 Beastly Appendage        Tmut           ###...       1%          1    None
 Dazzling Spray           Conj/Hex       ####..       1%          3    ##.....
 Sticks to Snakes         Tmut           ###.....     2%          2    #......
 Force Lance              Conj/Tloc      ####....     3%          4    ####...
 Fulminant Prism          Conj/Hex       ####......   3%          4    ####...
 Spider Form              Tmut/Pois      ###.......   4%          3    ##.....
 Ice Form                 Ice/Tmut       ###.....     12%         4    ####...
 Blade Hands              Tmut           ###.......   30%         5    ######.


Dungeon Overview and Level Annotations

Branches:
Dungeon (6/15)
 Temple: D:4-7

Altars:
Ashenzari
Cheibriados
Dithmenos
Hepliaklqana
Ru
Trog
Vehumet
Yredelemnul

Annotations:
D:4 exclusion: moth of wrath
D:6 Pikel


Innate Abilities, Weirdness & Mutations

You can breathe bolts of dispelling energy.
Your rich purple scales are hard. (AC +6)
You cannot fit into any form of body armour.
You are cold-blooded and may be slowed by cold attacks.


Message History

Press: ? - help, Shift-Dir - straight line, f/p - Pikel
Aim: Pikel, wielding a +2 whip of flaming and wearing a +0 robe (moderately wounded)
The magic dart hits Pikel.
Pikel is moderately wounded.
The slave closely misses you. Pikel barely misses you.
Casting: Magic Dart (safe; 1% risk of failure)
Confirm with . or Enter, or press ? or * to list all spells.
Aiming: Searing Ray (safe; 1% risk of failure)
Press: ? - help, Shift-Dir - straight line, f/p - Pikel
Aim: Pikel, wielding a +2 whip of flaming and wearing a +0 robe (moderately wounded)
The searing ray hits Pikel!
Pikel is heavily wounded. (Press . to maintain the ray.)
The slave hits you but does no damage.
The searing ray hits Pikel.
Pikel is severely wounded.
Pikel misses you.
The searing ray misses Pikel.
The slave barely misses you.
Pikel hits you with a +2 whip of flaming.
You die...

####
##..p##
#..⌠K@#
#+...##
####


You could see Pikel and a slave.

Vanquished Creatures
  An ogre (D:4)
  A slave (D:5)
  A centaur zombie (D:5)
  A centaur skeleton (D:4)
  2 orc priests (D:4)
  4 orc wizards
  A gnoll shaman (D:3)
  A worker ant zombie (D:5)
  6 gnolls
  12 adders
  An ooze (D:1)
  3 worms (D:4)
  2 dart slugs (D:1)
  7 leopard geckos
  25 orcs
  2 giant cockroaches (D:1)
  8 goblins
  8 hobgoblins
  2 jackals (D:2)
  5 kobolds
  2 quokkas
  A ball python (D:1)
  8 bats
  6 frilled lizards
  6 rats
116 creatures vanquished.

Notes
Turn   | Place    | Note
-------+----------+-------------------------------------------
     0 | D:1      | Golodhrim the Draconian Conjurer began the quest for the
                  | Orb.
     0 | D:1      | Reached XP level 1. HP: 14/14 MP: 3/3
   286 | D:1      | Reached XP level 2. HP: 20/20 MP: 0/5
   339 | D:1      | Learned a level 2 spell: Searing Ray
   824 | D:1      | Reached XP level 3. HP: 26/26 MP: 1/6
  1245 | D:1      | Found a radiant altar of Vehumet.
  1279 | D:2      | Reached skill level 5 in Conjurations
  1482 | D:3      | Found a shattered altar of Ashenzari.
  1554 | D:3      | Found a shadowy altar of Dithmenos.
  1598 | D:2      | Reached XP level 4. HP: 33/33 MP: 1/7
  2074 | D:2      | Found a sacrificial altar of Ru.
  2334 | D:2      | Reached XP level 5. HP: 38/38 MP: 2/8
  2527 | D:3      | Became a worshipper of Ashenzari the Shackled
  2902 | D:3      | Reached skill level 6 in Conjurations
  3052 | D:3      | Found a basalt altar of Yredelemnul.
  4175 | D:4      | Reached XP level 6. HP: 34/45 MP: 4/10
  4882 | D:3      | Reached skill level 7 in Conjurations
  5073 | D:4      | Your scales start taking on a rich purple colour.
  5073 | D:4      | Reached XP level 7. HP: 51/51 MP: 0/13
  5241 | D:5      | Entered Level 5 of the Dungeon
  5586 | D:4      | Noticed a moth of wrath
  5588 | D:4      | Found a bloodstained altar of Trog.
  5734 | D:4      | Learned a level 4 spell: Iskenderun's Mystic Blast
  6263 | D:5      | Found a sacrificial altar of Ru.
  6264 | D:5      | Found a radiant altar of Vehumet.
  6264 | D:5      | Found a hazy altar of Hepliaklqana.
  6266 | D:5      | Found a shattered altar of Ashenzari.
  6266 | D:5      | Found a snail-covered altar of Cheibriados.
  6420 | D:5      | Noticed Pikel
  6482 | D:6      | Slain by Pikel

Levels and vault maps discovered:
D:1:      dpeg_arrival_water_altar, layout_loops_ring
D:2:      layout_rooms, nicolae_ru_awakened_eye
D:3:      layout_loops_cross, nicolae_overflow_crystal_walls,
          grunt_dithmenos_smoke, first_ration, ashenzari_altar_1
D:4:      layout_loops_corners, tgw_trog
D:5:      layout_basic, grunt_temple_overflow_open, temple_green,
          kennysheep_diamond, uniq_sigmund, uniq_pikel
D:6:      layout_basic, grunt_qazlal_clouds, marbit_many_paths, minitemple,
          grunt_ministairs_4

Skill      XL: |  1  2  3  4  5  6 |
---------------+-------------------+-----
Conjurations   | 5 6 7 |  7.5
Dodging        | 2 |  2.7
Stealth        | 2 |  2.7
Spellcasting   | 4 |  4.2
Fighting       | |  0.5
Short Blades   | |  0.5

Action                   |  1- 3 |  4- 6 |  7- 9 || total
-------------------------+-------+-------+-------++-------
Melee: Whip              |    17 |       |       ||    17
       Tailslap          |     1 |     6 |     2 ||     9
       Dagger            |       |    78 |    19 ||    97
Throw: Stone             |    15 |     3 |       ||    18
 Cast: Magic Dart        |    45 |   148 |    50 ||   243
       Searing Ray       |     7 |    13 |     1 ||    21
       Iskenderun's Myst |       |       |     6 ||     6
  Use: Scroll            |     1 |     5 |     1 ||     7
       Potion            |       |       |     3 ||     3
  Eat: Chunk             |     3 |     9 |     1 ||    13
       Ration            |       |     1 |     1 ||     2
Armor: Skin              |     7 |    16 |    11 ||    34
Dodge: Dodged            |    25 |    70 |    32 ||   127

Table legend:
 A = Non-vault XP
 B = Vault XP
 C = Vault XP percentage of total XP
 D = Non-vault monster count
 E = Vault monster count
 F = Vault count percentage of total count
                 A         B        C        D         E       F
            +---------+---------+-------+---------+---------+-------
      Total |     888 |      17 |   1.9 |     110 |       5 |   4.3
            +---------+---------+-------+---------+---------+-------
        D:1 |      47 |       0 |   0.0 |      21 |       0 |   0.0
        D:2 |     139 |       0 |   0.0 |      30 |       0 |   0.0
        D:3 |     208 |       0 |   0.0 |      29 |       0 |   0.0
        D:4 |     431 |      17 |   3.8 |      27 |       5 |  15.6
        D:5 |      60 |       0 |   0.0 |       2 |       0 |   0.0
        D:6 |       3 |       0 |   0.0 |       1 |       0 |   0.0
            +---------+---------+-------+---------+---------+-------
